 Dungeon Crawl Stone Soup version 0.18-a0-1238-g8adb878 (webtiles) character file.

141 RedPan the Sneak (level 5, -2/35 HPs)
             Began as a Vampire Enchanter on Feb 5, 2016.
             Slain by Musteatbrain's ghost (8 damage)
             ... on level 3 of the Dungeon.
             The game lasted 00:07:22 (2275 turns).

RedPan the Sneak (Vampire Enchanter)                Turns: 2275, Time: 00:07:22

Health: -2/35      AC:  3    Str: 12    XL:     5   Next: 3%
Magic:  2/8        EV: 12    Int: 19    God:
Gold:   108        SH:  0    Dex: 14    Spells: 3 memorised, 2 levels left

rFire  . . .     SeeInvis +     a - +1 dagger
rCold  + . .     Gourm    .     b - +1 robe
rNeg   + + .     Faith    .     (no shield)
rPois  +         Spirit   .     (no helmet)
rElec  .         Dismiss  .     (no cloak)
rCorr  .         Reflect  .     (no gloves)
SustAt .         Harm     .     (no boots)
MR     +....                    (no amulet)
Stlth  ++++......               j - ring of protection from magic
                                f - +5 ring of strength (curse)

@: regenerating slowly, somewhat resistant to hostile enchantments, stealthy
A: fangs 3, see invisible, unbreathing
a: Bat Form


You were on level 3 of the Dungeon.
You were very thirsty.

You visited 1 branch of the dungeon, and saw 3 of its levels.

You collected 108 gold pieces.

Inventory:

Hand Weapons
 a - a +1 dagger (weapon)
Armour
 b - a +1 robe (worn)
Jewellery
 f - a cursed +5 ring of strength (left hand)
 j - a ring of protection from magic (right hand)
Scrolls
 e - 2 scrolls of fog
 g - 2 scrolls of remove curse {unknown}
 h - a scroll of noise {unknown}
 i - a scroll of recharging {unknown}
Potions
 d - 10 potions of blood
Books
 c - a book of Maledictions

   Spells                             Type                      Level
   a - Corona                         Hexes                        1
   b - Ensorcelled Hibernation        Hexes/Ice                    2
   c - Confuse                        Hexes                        3
   d - Tukima's Dance                 Hexes                        3
   e - Dazzling Spray                 Conjuration/Hexes            3


   Skills:
 - Level 1.1 Short Blades
 - Level 2.1 Dodging
 + Level 7.6 Stealth
 - Level 2.0 Spellcasting
 - Level 6.0 Hexes


You had 2 spell levels left.
You knew the following spells:

 Your Spells              Type           Power        Failure   Level  Hunger
a - Corona                Hex            ###....      1%          1    #......
b - Ensorcelled Hibernat  Hex/Ice        ##....       10%         2    ###....
c - Confuse               Hex            ###.....     4%          3    ###....


Dungeon Overview and Level Annotations

Branches:
Dungeon (3/15)

Altars:
Elyvilon
Makhleb
Okawaru
Yredelemnul
Zin

Annotations:
D:3 Musteatbrain's ghost, amateur DsFi


Innate Abilities, Weirdness & Mutations

You heal slowly.
You have razor-sharp teeth.
You have supernaturally acute eyesight.
You can survive without breathing.


Message History

Musteatbrain's ghost is heavily damaged.
You hit Musteatbrain's ghost.
Musteatbrain's ghost is heavily damaged.
You barely miss Musteatbrain's ghost.
Musteatbrain's ghost is heavily damaged.
Musteatbrain's ghost barely misses you.
You hit Musteatbrain's ghost but do no damage.
Musteatbrain's ghost is heavily damaged.
You hit Musteatbrain's ghost.
Musteatbrain's ghost is heavily damaged.
Musteatbrain's ghost closely misses you.
You hit Musteatbrain's ghost but do no damage.
You bite Musteatbrain's ghost, but do no damage.
Musteatbrain's ghost is heavily damaged.
Musteatbrain's ghost seems less confused.
Musteatbrain's ghost misses you.
You hit Musteatbrain's ghost but do no damage.
Musteatbrain's ghost is heavily damaged.
Musteatbrain's ghost hits you!
You die...

#.. #.# #.#
####.########
#..........(#
#.##.#.####.# .
###†####.# #.# ..
#......#.## #.# ..
#.#@......###.# #.
####.$W###...#...# .
#............#.####.##.
#.####.##....#>........
#......##....#.####...%
#.......#....#.# ###
##..........|#.######..
#####.###...#......†..
....##.#########.#


You could see Musteatbrain's ghost.

Vanquished Creatures
  A centaur zombie (D:3)
  5 adders
  3 worms (D:2)
  3 giant geckos
  7 bats
  3 giant cockroaches
  6 hobgoblins
  A jackal (D:1)
  A quokka (D:2)
  3 giant newts
  8 goblins
  8 kobolds
  7 rats
56 creatures vanquished.

Notes
Turn   | Place    | Note
--------------------------------------------------------------
     0 | D:1      | RedPan the Vampire Enchanter began the quest for the Orb.
     0 | D:1      | Reached XP level 1. HP: 13/13 MP: 3/3
   283 | D:1      | Reached skill level 5 in Stealth
   283 | D:1      | Reached XP level 2. HP: 19/19 MP: 5/5
   465 | D:1      | Reached skill level 5 in Hexes
   886 | D:2      | Reached XP level 3. HP: 24/24 MP: 6/6
  1143 | D:2      | Learned a level 2 spell: Ensorcelled Hibernation
  1147 | D:2      | Learned a level 3 spell: Confuse
  1191 | D:2      | Reached skill level 6 in Stealth
  1394 | D:2      | Reached XP level 4. HP: 30/30 MP: 7/7
  1807 | D:3      | Found a glowing silver altar of Zin.
  1878 | D:3      | Reached skill level 7 in Stealth
  2028 | D:3      | Found a basalt altar of Yredelemnul.
  2080 | D:3      | Found a white marble altar of Elyvilon.
  2124 | D:3      | Found an iron altar of Okawaru.
  2169 | D:3      | Found a burning altar of Makhleb.
  2198 | D:3      | Noticed Musteatbrain's ghost (amateur DsFi)
  2223 | D:3      | Reached XP level 5. HP: 9/35 MP: 3/8
  2275 | D:3      | Slain by Musteatbrain's ghost

Vault maps used:
D:1:      mrwooster_arrival_statue_2, minmay_tree_intersection, minmay_distorted
D:3:      kennysheep_ying_yang, grunt_temple_overflow_open, minitemple,
          lightli_sewer_entry_pipes, first_bread

Action                   |  1- 3 |  4- 6 || total
-------------------------+-------+-------++-------
Melee: Dagger            |   124 |    45 ||   169
 Cast: Corona            |     1 |       ||     1
       Ensorcelled Hiber |       |     5 ||     5
       Confuse           |       |     3 ||     3
 Abil: End Transformatio |       |     1 ||     1
       Bat Form          |       |     1 ||     1
  Use: Potion            |     1 |     1 ||     2
       Scroll            |       |     6 ||     6
 Stab: Sleeping          |    15 |    10 ||    25
